 Dungeon Crawl Stone Soup version 0.20.1-1-g8b1a95d (webtiles) character file.

121 HessuHobo the Shield-Bearer (level 4, -3/40 HPs)
             Began as a Minotaur Fighter on Oct 26, 2017.
             Slain by an ogre
             ... wielding a +0 giant spiked club
              (12 damage)
             ... on level 4 of the Dungeon.
             The game lasted 00:04:53 (1925 turns).

HessuHobo the Shield-Bearer (Minotaur Fighter)      Turns: 1925, Time: 00:04:53

Health: -3/40      AC:  8    Str: 19 (21) XL:     4   Next: 76%
Magic:  3/3        EV:  7    Int:  0 (3)  God:
Gold:   137        SH:  9    Dex:  7 (10) Spells: 3/3 levels left

rFire    x . .     SeeInvis .   a - +1 war axe
rCold    + . .     Gourm    .   c - +0 shield
rNeg     . . .     Faith    .   b - +0 scale mail
rPois    .         Spirit   .   (helmet restricted)
rElec    .         Reflect  .   (no cloak)
rCorr    .         Harm     .   (no gloves)
MR       .....                  r - +0 pair of boots
Stlth    ..........             (no amulet)
Regen    0.2/turn               j - ring of ice
MPRegen  0.1/turn               (no ring)

@: slowed, lost intelligence, very slow
A: retaliatory headbutt, horns 2, deterioration 1, dopey 1, screaming 1,
evolution 1
a: no special abilities


You were on level 4 of the Dungeon.
You were not hungry.

You visited 1 branch of the dungeon, and saw 4 of its levels.

You collected 137 gold pieces.

Inventory:

Hand Weapons
 a - a +1 war axe (weapon)
Armour
 b - a +0 scale mail (worn)
 c - a +0 shield (worn)
 r - a +0 pair of boots (worn)
Jewellery
 e - an uncursed ring of magical power {unknown}
 j - a ring of ice (left hand)
 u - a cursed ring of loudness
Scrolls
 h - 2 scrolls of teleportation
 i - a scroll of remove curse
Potions
 d - a potion of might
 g - a potion of brilliance
Comestibles
 f - 2 bread rations
 k - a meat ration


   Skills:
 + Level 4.2 Fighting
 * Level 3.7 Axes
 + Level 4.4 Armour
 - Level 0.4 Dodging
 - Level 0.1 Stealth
 - Level 4.7 Shields


You had 3 spell levels left.
You didn't know any spells.

Dungeon Overview and Level Annotations

Branches:
Dungeon (4/15)
 Temple: D:4-7

Altars:
Sif Muna

Annotations:
D:3 Sigmund


Innate Abilities, Weirdness & Mutations

You reflexively headbutt those who attack you in melee.
You have a pair of horns on your head.
Your body sometimes deteriorates upon taking damage.
You are dopey. (Int -2)
You occasionally shout uncontrollably at your foes.
You evolve.


Message History

You kill the quokka!
An ogre comes into view. It is wielding a giant spiked club.
You block the ogre's attack.
Your shield and scale mail prevent you from hitting the ogre.
The ogre hits you with a giant spiked club!
Your body deteriorates!
You feel dopey.
You have lost your intelligence.
The ogre hits you with a giant spiked club!
* * * LOW HITPOINT WARNING * * *
The ogre hits you with a giant spiked club!
* * * LOW HITPOINT WARNING * * *
You can move again.
You almost manage to decipher the scroll, but fail in this attempt.
You block the ogre's attack. You block the ogre's attack.
The ogre barely misses you. You block the ogre's attack.
You block the ogre's attack. You block the ogre's attack.
The ogre hits you with a giant spiked club!
You die...

#...........####+###
#..................##
#...................#
.......(###..####....##
........###...........#
#######..................
##.##...........###
#..#.............
#...@O....####.###
.######..#.....## .#
......(........... .
.#######.......#.#
####......#.#
#...|.......#
#...........#
#...........#
#...........#


You could see an ogre.

Vanquished Creatures
  Jessica (D:3)
  2 adders
  A worm (D:2)
  A dart slug (D:2)
  2 leopard geckos (D:2)
  6 bats
  4 giant cockroaches
  12 goblins
  8 hobgoblins
  7 jackals (D:1)
  6 kobolds
  A quokka (D:4)
  A ball python (D:3)
  2 frilled lizards
  9 rats
63 creatures vanquished.

Notes
Turn   | Place    | Note
-------+----------+-------------------------------------------
     0 | D:1      | HessuHobo the Minotaur Fighter began the quest for the Orb.
     0 | D:1      | Reached XP level 1. HP: 19/19 MP: 0/0
   206 | D:1      | Reached XP level 2. HP: 27/27 MP: 1/1
   629 | D:1      | Reached XP level 3. HP: 33/33 MP: 2/2
  1026 | D:2      | Found a deep blue altar of Sif Muna.
  1188 | D:2      | Reached XP level 4. HP: 40/40 MP: 3/3
  1543 | D:3      | Noticed Jessica
  1555 | D:3      | Killed Jessica
  1611 | D:3      | Gained mutation: Your body sometimes deteriorates upon taking damage. [potion of mutation]
  1611 | D:3      | Gained mutation: You occasionally shout uncontrollably at your foes. [potion of mutation]
  1611 | D:3      | Gained mutation: You are dopey. (Int -2) [potion of mutation]
  1611 | D:3      | Gained mutation: You evolve. [potion of mutation]
  1748 | D:3      | Noticed Sigmund
  1901 | D:4      | Noticed an ogre
  1905 | D:4      | Lost intelligence.
  1925 | D:4      | Slain by an ogre

Skill      XL: |  1  2  3 |
---------------+----------+-----
Shields        | 4 |  4.7
Fighting       | 4 |  4.2
Axes           | 3 |  3.7
Armour         | 4 |  4.4
Dodging        | |  0.4
Stealth        | |  0.1

Action                   |  1- 3 |  4- 6 || total
-------------------------+-------+-------++-------
Melee: War axe           |   109 |    46 ||   155
       Headbutt          |    18 |     3 ||    21
  Use: Scroll            |       |     9 ||     9
       Potion            |       |     5 ||     5
  Eat: Chunk             |     1 |       ||     1
       Bread ration      |       |     1 ||     1
Armor: Scale mail        |    61 |    13 ||    74
Dodge: Dodged            |    35 |     9 ||    44
Block: Shield            |    61 |    33 ||    94
